 Dungeon Crawl Stone Soup version 0.26.1-2-gb8aa6d0cf2 (webtiles) character file.

Game seed: 8506250386440462153

707 Gabide the Cudgeller (level 8, -2/60 HPs)
             Began as a Human Monk on Feb 19, 2021.
             Killed from afar by a white imp (5 damage)
             ... with a puff of frost
             ... on level 6 of the Dungeon.
             The game lasted 00:11:43 (5588 turns).

Gabide the Cudgeller (Human Monk)                   Turns: 5588, Time: 00:11:43

Health: -2/60      AC:  9    Str: 14    XL:     8   Next: 0%
Magic:  8/8        EV: 11    Int: 11    God:
Gold:   213        SH:  4    Dex: 15    Spells: 7/7 levels left

rFire    . . .     SeeInvis .   p - +0 flail
rCold    . . .     Faith    .   h - +0 buckler
rNeg     . . .     Spirit   .   q - +0 scale mail
rPois    .         Reflect  .   m - +1 helmet
rElec    .         Harm     .   (no cloak)
rCorr    .         Rampage  .   (no gloves)
Will     .....                  g - +0 pair of boots
Stlth    +.........             (no amulet)
HPRegen  0.20/turn              j - ring of wizardry
MPRegen  0.11/turn              (no ring)

@: no status effects
A: no striking features
a: no special abilities


You were on level 6 of the Dungeon.
You visited 1 branch of the dungeon, and saw 5 of its levels.

You collected 213 gold pieces.

Inventory:

Hand Weapons
 p - a +0 flail (weapon)
Missiles
 a - 4 silver boomerangs
 r - 5 boomerangs (quivered)
Armour
 c - a +0 chain mail
 g - a +0 pair of boots (worn)
 h - a +0 buckler (worn)
 m - a +1 helmet (worn)
 q - a +0 scale mail (worn)
Jewellery
 j - a ring of wizardry (left hand)
Wands
 o - a wand of digging (7)
Scrolls
 b - 2 scrolls of magic mapping
 d - 2 scrolls of remove curse


   Skills:
 + Level 4.0 Fighting
 * Level 6.5 Maces & Flails
 + Level 1.1 Throwing
 + Level 2.4 Armour
 + Level 3.8 Dodging
 - Level 2.1 Stealth
 * Level 2.5 Shields


You had 7 spell levels left.
You didn't know any spells.
Your spell library was empty.

Dungeon Overview and Level Annotations

Branches:
Dungeon (6/15)
 Temple: D:4-7

Altars:
Okawaru
Sif Muna

Annotations:
D:5 exclusion: downstairs, Prince Ribbit


Message History

a +0 dagger; a +0 robe; an orc corpse You hear the rusting of a very distant drain.
Okay, then.
You aren't carrying any potions.
A white imp comes into view.
The white imp shouts!
The white imp gestures at you. The puff of frost hits you!
* * * LOW HITPOINT WARNING * * *
You barely miss the white imp.
The white imp hits you but does no damage.
You barely miss the white imp. The white imp barely misses you.
The white imp gestures at you. The puff of frost misses you.
You closely miss the white imp. The white imp barely misses you.
You hit the white imp.
The white imp is heavily wounded.
The white imp gestures at you. The puff of frost hits you.
You die...

###############.#
#...........@5..#
#.###############
#.# #.# #.# #.#
#.# #.# #.#


You could see a white imp.

Vanquished Creatures
  A sky beast (D:5)
  An ogre (D:5)
  A bullfrog (D:6)
  A hound (D:5)
  A bullfrog skeleton (D:5)
  3 orc priests (D:5)
  An iguana (D:5)
  Terence (D:2)
  5 orc wizards
  6 adders
  A howler monkey skeleton (D:5)
  A shadow imp (D:5)
  An ufetubus (D:5)
  A worm (D:3)
  3 dart slugs
  A leopard gecko (D:1)
  8 orcs
  A ball python (D:5)
  2 giant cockroaches
  2 goblins
  4 hobgoblins
  3 quokkas
  6 bats
  3 frilled lizards
  A jackal zombie (D:5)
  6 kobolds
  A leopard gecko skeleton (D:5)
  8 rats
74 creatures vanquished.

Notes
Turn   | Place    | Note
-------+----------+-------------------------------------------
     0 | D:1      | Gabide the Human Monk began the quest for the Orb.
     0 | D:1      | Reached XP level 1. HP: 18/18 MP: 1/1
    48 | D:1      | Reached XP level 2. HP: 13/24 MP: 2/2
   591 | D:1      | Reached XP level 3. HP: 29/29 MP: 3/3
  1010 | D:2      | Reached XP level 4. HP: 7/35 MP: 4/4
  1890 | D:2      | Reached skill level 1 in Shields
  2077 | D:3      | Reached skill level 4 in Maces & Flails
  2176 | D:3      | Reached skill level 1 in Armour
  2364 | D:3      | Reached XP level 5. HP: 23/41 MP: 5/5
  2453 | D:3      | Noticed Terence
  2510 | D:2      | Killed Terence
  2738 | D:3      | You fall into a shaft and drop 2 floors!
  2738 | D:5      | Entered Level 5 of the Dungeon
  2758 | D:5      | Reached XP level 6. HP: 32/47 MP: 6/6
  2874 | D:5      | Found an iron altar of Okawaru.
  2929 | D:5      | Noticed an ogre
  2944 | D:5      | Killed an ogre
  2945 | D:5      | Reached skill level 5 in Maces & Flails
  3289 | D:5      | Noticed Prince Ribbit
  3553 | D:5      | Reached XP level 7. HP: 46/53 MP: 7/7
  3686 | D:5      | Found a shimmering blue altar of Sif Muna.
  4352 | D:5      | Reached skill level 6 in Maces & Flails
  5546 | D:6      | Reached skill level 1 in Throwing
  5561 | D:6      | Reached XP level 8. HP: 4/60 MP: 8/8
  5582 | D:6      | HP: 2/60 [white imp/puff of frost (7)]
  5588 | D:6      | Killed from afar by a white imp

Illustrated notes

Levels and vault maps discovered:
D:1:      minmay_arrival_arboretum_small, layout_loops_ring,
          amcnicky_mini_pool_small
D:2:      layout_basic, chequers_mini_garden, minmay_misc_feat_enclosed
D:3:      layout_basic, grunt_temple_overflow_cloverleaf,
          chequers_ecumenical_altar_grove, uniq_terence, uniq_robin,
          uniq_crazy_yiuf_cottage
D:5:      minmay_razor_zed, layout_basic, lemuel_doored_altar, led_sif_book,
          uniq_prince_ribbit1
D:6:      layout_basic, minmay_temple_entry_overgrown, portal_sewer_entry_e,
          serial_shops, nicolae_shop_crystal, uniq_menkaure, uniq_grinder

Skill      XL: |  1  2  3  4  5  6  7 |
---------------+----------------------+-----
Shields        | 1 2 |  2.5
Maces & Flails | 4 5 6 |  6.5
Armour         | 1 2 |  2.4
Fighting       | 4 |  4.0
Throwing       | 1 |  1.1
Dodging        | |  3.8
Stealth        | |  2.1

Action                   |  1- 3 |  4- 6 |  7- 9 || total
-------------------------+-------+-------+-------++-------
Melee: Mace              |    75 |   118 |       ||   193
       Flail             |       |    73 |   132 ||   205
Throw: Stone             |       |    11 |       ||    11
       Boomerang         |       |       |    36 ||    36
  Use: Scroll            |     5 |       |     8 ||    13
       Potion            |     2 |     3 |     2 ||     7
 Stab: Sleeping          |     4 |       |       ||     4
       Distracted        |     1 |       |       ||     1
Armor: Robe              |     7 |       |       ||     7
       Leather armour    |    18 |     1 |       ||    19
       Ring mail         |       |    53 |       ||    53
       Scale mail        |       |    14 |    43 ||    57
       Skin              |       |       |    10 ||    10
Dodge: Dodged            |    77 |    85 |    58 ||   220
Block: Buckler           |     7 |    37 |    21 ||    65
